 Dungeon Crawl Stone Soup version 0.30-a0-6-g7c9e10e132 (webtiles) character file.

Game seed: 11661978774747262069

1732 SensoryNuts the Cleaver (level 9, -6/115 (117) HPs)
             Began as a Hill Orc Fighter on Aug 22, 2022.
             Mangled by a wight
             ... wielding a +4 halberd of freezing
              (11 damage)
             ... on level 7 of the Dungeon.
             The game lasted 00:06:39 (7527 turns).

SensoryNuts the Cleaver (Hill Orc Fighter)          Turns: 7527, Time: 00:06:39

HP:   -6/115 (117)  AC: 24    Str: 23    XL:     9   Next: 5%
MP:   9/9           EV:  2    Int:  8    God:
Gold: 277           SH: 10    Dex: 10    Spells: 8/8 levels left

rFire   . . .      SeeInvis .    a - +0 war axe
rCold   . . .      Faith    .    c - +0 buckler
rNeg    . . .      Spirit   .    (body armour currently unavailable)
rPois   +          Reflect  +    (helmet currently unavailable)
rElec   .          Harm     .    (cloak currently unavailable)
rCorr   .          Rampage  .    (gloves currently unavailable)
Will    .....      NoTele   +    (boots currently unavailable)
Stlth   +.........               r - amulet of reflection
HPRegen 0.29/turn                (no ring)
MPRegen 0.11/turn                (no ring)

@: brilliant, tree-form, on berserk cooldown, slowed, lightly drained,
invisible, very slow
A: stationary, stasis, torment immunity, boosted hp, (iridescent scales 1)
a: no special abilities


You were on level 7 of the Dungeon.
You were a tree.
You visited 1 branch of the dungeon, and saw 7 of its levels.

You collected 277 gold pieces.

Inventory:

Hand Weapons
 a - a +0 war axe (weapon)
Missiles
 d - 2 throwing nets (quivered)
Armour
 b - a +1 scale mail (melded)
 c - a +0 buckler (worn)
 p - a +2 pair of gloves (melded)
 s - a +0 helmet (melded)
 w - a +0 cloak (melded)
Jewellery
 m - a ring of willpower
 r - an amulet of reflection (around neck)
Wands
 i - a wand of roots (20)
 q - a wand of acid (6)
 x - a wand of digging (5)
 B - a wand of mindburst (13)
Scrolls
 e - a scroll of teleportation
 f - a scroll of poison
 g - a scroll of torment
 j - 3 scrolls of identify
 k - a scroll of immolation
 n - 2 scrolls of enchant armour
 o - 2 scrolls of vulnerability
 t - 2 scrolls of magic mapping {unknown}
 v - a scroll of silence {unknown}
 y - a scroll of fear {unknown}
Potions
 C - a potion of haste {unknown}


   Skills:
 + Level 6.6 Fighting
 + Level 10.0 Axes
 + Level 6.1 Armour
 + Level 1.8 Dodging
 + Level 0.6 Stealth
 + Level 5.8 Shields


You had 8 spell levels left.
You didn't know any spells.
Your spell library contained the following spells:

 Spells                   Type           Power      Damage    Failure   Level
 Apportation              Tloc           0%         N/A       50%         1
 Necrotise                Necr           0%         1d4       50%         1
 Ozocubu's Armour         Ice            0%         N/A       86%         3
 Vampiric Draining        Necr           0%         2d6       86%         3
 Agony                    Necr           0%         N/A       100%        5
 Alistair's Intoxication  Tmut/Pois      0%         N/A       100%        5
 Ozocubu's Refrigeration  Ice            0%         4d7       100%        7


Dungeon Overview and Level Annotations

Branches:
Dungeon (7/15)             Temple (0/1) D:7

Altars:
Sif Muna

Annotations:
D:3 Grinder


Innate Abilities, Weirdness & Mutations

You are a tree.
Your roots penetrate the ground, keeping you stationary.
You cannot be teleported.
You are immune to unholy pain and torment.
Your maximum health is greatly increased.
Your equipment is partially melded.
((You are partially covered in iridescent scales. (AC +2)))


Message History

* * * LOW HITPOINT WARNING * * *
You block the killer bee's attack.
Unknown command.
It was a potion of lignification.
You turn into a tree.
Your +0 cloak melds into your body.
Your +0 helmet melds into your body.
Your +2 pair of gloves melds into your body.
Your +1 scale mail melds into your body.
Your roots penetrate the ground.
You feel sick. The killer bee stings you.
* * * LOW HITPOINT WARNING * * *
The killer bee completely misses you. You block the wight's attack.
The killer bee stings you but does no damage.
It was a potion of mutation.
You feel extremely strange.
Iridescent scales grow over part of your body.
You feel sick. You block the killer bee's attack.
The killer bee stings you but does no damage.
The wight hits you from afar with a +4 halberd of freezing.
* * * LOW HITPOINT WARNING * * *
You feel drained.
* * * LOW HITPOINT WARNING * * *
The wight freezes you.
* * * LOW HITPOINT WARNING * * *
You block the killer bee's attack. The wight hits you but does no damage.
It was a potion of invisibility.
You fade into invisibility!
You feel sick. The killer bee completely misses you.
The killer bee stings you but does no damage.
You block the wight's attack.
The killer bee stings you but does no damage.
Unknown command.
It was a potion of brilliance.
You feel clever all of a sudden.
You feel sick.
You are no longer poisoned.
The killer bee stings you.
* * * LOW HITPOINT WARNING * * *
You block the killer bee's attack. The wight completely misses you.
The wight hits you but does no damage. You block the killer bee's attack.
The wight hits you but does no damage.
The wight hits you from afar with a +4 halberd of freezing!
You die...

...#.....#########
####...###........
........##........
......#.##........
......#....####.#####
......####...##.....####
#######
###..#..W.....#####
##.#..z..)....W).
#...♣yz.......#
##.########...# #.# .#
... ##... ##... ...#
...# ....


You could see a phantom (unable to see you), a killer bee (unable to see you)
and 2 wights.

Vanquished Creatures
  A sky beast (D:6)
  2 ice beasts
  2 ogres
  A black bear (D:5)
  A centaur (D:5)
  A bullfrog (D:6)
  A necrophage (D:5)
  2 scorpions
  A wight (D:7)
  A killer bee (D:7)
  2 jellies
  3 orc priests
  A hound (D:6)
  Jessica (D:2)
  3 iguanas
  5 orc wizards
  Robin (D:4)
  14 gnolls
  7 adders
  3 worms
  5 dart slugs
  19 orcs
  11 ball pythons
  12 endoplasms
  3 giant cockroaches
  9 goblins
  10 hobgoblins
  5 jackals
  5 quokkas
  7 bats
  3 frilled lizards (D:2)
  11 kobolds
  6 rats
159 creatures vanquished.

Notes
Turn   | Place    | Note
-------+----------+-------------------------------------------
     0 | D:1      | SensoryNuts the Hill Orc Fighter began the quest for the
                  | Orb.
     0 | D:1      | Reached XP level 1. HP: 19/19 MP: 1/1
   158 | D:1      | Reached XP level 2. HP: 27/27 MP: 2/2
   165 | D:1      | Found a faded altar of an unknown god.
   633 | D:1      | Reached XP level 3. HP: 25/33 MP: 3/3
  1055 | D:2      | Noticed Jessica
  1070 | D:2      | Killed Jessica
  1071 | D:2      | Reached skill level 3 in Axes
  1176 | D:2      | Got Jessica's Writings on Direction
  1310 | D:2      | Reached XP level 4. HP: 36/41 MP: 4/4
  1515 | D:2      | Found a shimmering blue altar of Sif Muna.
  1837 | D:2      | Reached skill level 4 in Axes
  1844 | D:2      | Reached XP level 5. HP: 27/47 MP: 5/5
  2877 | D:3      | Reached skill level 5 in Axes
  3180 | D:3      | Reached XP level 6. HP: 49/55 MP: 6/6
  3672 | D:4      | Noticed Grinder
  3679 | D:4      | Paralysed by Grinder for 4 turns
  3697 | D:4      | Paralysed by Grinder for 2 turns
  3701 | D:4      | Paralysed by Grinder for 2 turns
  4055 | D:4      | Reached skill level 6 in Axes
  4135 | D:4      | Reached skill level 5 in Fighting
  4326 | D:4      | Noticed Robin
  4338 | D:4      | Killed Robin
  4651 | D:4      | Reached XP level 7. HP: 61/61 MP: 7/7
  4993 | D:5      | Entered Level 5 of the Dungeon
  5050 | D:5      | Reached skill level 7 in Axes
  5244 | D:5      | Reached skill level 1 in Dodging
  5303 | D:5      | Reached skill level 8 in Axes
  5358 | D:5      | Reached skill level 5 in Armour
  5372 | D:5      | Reached XP level 8. HP: 70/70 MP: 8/8
  6272 | D:6      | Reached skill level 9 in Axes
  6272 | D:6      | Reached skill level 5 in Shields
  7457 | D:7      | Found a staircase to the Ecumenical Temple.
  7517 | D:7      | Reached XP level 9. HP: 42/78 MP: 9/9
  7519 | D:7      | Reached skill level 10 in Axes
  7525 | D:7      | Gained mutation: You are partially covered in iridescent
                  | scales. (AC +2) [potion of mutation]
  7527 | D:7      | HP: 5/115 [killer bee (3)]
  7527 | D:7      | Mangled by a wight

Illustrated notes

Levels and vault maps discovered:
D:1:      minmay_arrival_jagged, layout_loops_ring,
          ebering_ecumenical_altar_hall, nicolae_titane
D:2:      layout_basic, basic_altar, serial_bayou_pond_e,
          kennysheep_jessica_study
D:3:      layout_loops_ring, skrybe_limestone_x
D:4:      layout_basic, abandoned_shop, uniq_grinder, uniq_robin
D:5:      layout_loops_ring, chequers_serial_rivers_large_a, kennysheep_donut
D:6:      layout_loops_ring, hangedman_abyss_or_decor_lesser_grid
D:7:      layout_rooms, nicolae_overflow_hallway_of_the_gods,
          lemuel_temple_firewalk_b

Skill      XL: |  1  2  3  4  5  6  7  8  9 |
---------------+----------------------------+-----
Fighting       | 4 5 6 |  6.6
Axes           | 3 4 5 6 8 9 10 | 10.0
Armour         | 4 5 6 |  6.1
Shields        | 4 5 |  5.8
Dodging        | 1 |  1.8
Stealth        | |  0.6

Action                   |  1- 3 |  4- 6 |  7- 9 || total
-------------------------+-------+-------+-------++-------
Melee: War axe           |    56 |   224 |   204 ||   484
  Use: Potion            |       |     7 |     5 ||    12
       Scroll            |       |    11 |       ||    11
Armor: Scale mail        |    20 |    95 |   107 ||   222
       Skin              |       |       |     7 ||     7
Dodge: Dodged            |    23 |    76 |    79 ||   178
Block: Buckler           |    15 |    57 |   107 ||   179
       Reflection        |       |       |     1 ||     1

Table legend: (Time is in decaauts)
 A = Elapsed time spent in this place.
 B = Non-inter-level travel time spent in this place.
 C = Inter-level travel time spent in this place.
 D = Time resting spent in this place.
 E = Time spent auto-exploring this place.
 F = Levels seen in this place.
 G = Mean time per level.
                   A        B        C        D        E       F      G
               +--------+--------+--------+--------+--------+-----+--------+
         Total |   7662 |   7440 |    222 |      1 |   6235 |   7 | 1094.6 |
       Dungeon |   7662 |   7440 |    222 |      1 |   6235 |   7 | 1094.6 |
               +--------+--------+--------+--------+--------+-----+--------+

Top non-repeatable levels by time:
     D:2: 1759 daAuts
     D:5: 1300 daAuts
     D:3: 1222 daAuts
     D:4: 1120 daAuts
     D:6: 1021 daAuts
     D:1: 992 daAuts
     D:7: 246 daAuts
